 Dungeon Crawl Stone Soup version 0.16-a0-4123-g49b462e (console) character file.

204699 Monkaria the Brawler (level 18, -1/207 HPs)
             Began as a Troll Chaos Knight on Mar 1, 2015.
             Slain by a spriggan rider
             ... wielding a +0 spear
              (23 damage)
             ... on level 2 of the Swamp on Mar 2, 2015.
             The game lasted 03:14:33 (40884 turns).

Monkaria the Brawler (Troll Chaos Knight)          Turns: 40884, Time: 03:14:34

Health: -1/207     AC: 15    Str: 26    XL:     18   Next: 2%
Magic:  23/23      EV: 29    Int: 12    God:    Xom [...*..]
Gold:   3656       SH:  0    Dex: 19    Spells: 1 memorised, 14 levels left

rFire  + . .     SeeInvis +       - Unarmed
rCold  + + .     Clarity  .     K - +2 robe {rC+}
rNeg   + + .     SustAb   .     (shield restricted)
rPois  +         Gourm    +     b - -2 hat of the Alchemist {rElec rPois rF+ rC+ rN+ MR+ rMut rCorr}
rElec  +         Spirit   .     e - +2 cloak
rCorr  +         Warding  +     (gloves unavailable)
rMut   +         Stasis   .     (boots unavailable)
MR     ++++.                    h - brooch of Shielding {Ward rN+ AC+4 EV+4}
Stlth  +++.......               o - ring of protection from magic
                                q - ring of see invisible

@: agile, incredibly resistant to hostile enchantments, fairly stealthy
A: unfitting armour, claws 3, horns 1, thin metallic scales 2, breathe flames 1,
clever 2, fast metabolism 3, gourmand, magic resistance 1, poison resistance,
regeneration 2, robust 1, shaggy fur 1, tough skin 2, wild magic 1, forlorn
a: Renounce Religion, Breathe Fire
}: 1/15 runes: gossamer


You were on level 2 of the Swamp.
You worshipped Xom.
You were a favourite toy of Xom.
You were full.

You visited 7 branches of the dungeon, and saw 35 of its levels.
You also visited: Labyrinth.

You collected 4411 gold pieces.
You spent 755 gold pieces at shops.

Inventory:

Hand weapons
 r - a +4 trident of flaming
 A - a -2 blowgun
 I - a +4 scimitar of flaming
Missiles
 n - 27 large rocks (quivered)
 B - 105 poisoned needles
 G - 8 curare-tipped needles
Armour
 b - the -2 hat of the Alchemist (worn) {rElec rPois rF+ rC+ rN+ MR+ rMut rCorr}
   (You bought it in a shop on level 6 of the Dungeon)

   It protects you from fire.
   It protects you from cold.
   It insulates you from electricity.
   It protects you from poison.
   It protects you from negative energy.
   It affects your resistance to hostile enchantments.
   It protects you from acid and corrosion.
   It protects you from mutation.
 e - a +2 cloak (worn)
 K - a +2 robe of cold resistance (worn)
Jewellery
 h - the brooch of Shielding (around neck) {Ward rN+ AC+4 EV+4}
   (You found it on level 2 of the Lair of Beasts)

   [amulet of warding]

   It may prevent the melee attacks of summoned creatures.
   It affects your AC (+4).
   It affects your evasion (+4).
   It protects you from negative energy.
 o - a ring of protection from magic (right claw)
 q - a ring of see invisible (left claw)
 M - an uncursed amulet of clarity
Magical devices
 g - a wand of cold (6)
 k - a wand of fire (9)
 y - a wand of hasting (4)
 z - a wand of digging (8)
 C - a wand of teleportation (6)
 F - a wand of paralysis (15)
 R - a wand of heal wounds (5)
Scrolls
 i - 10 scrolls of remove curse
 p - 3 scrolls of magic mapping
 t - a scroll of teleportation
 u - 3 scrolls of identify
 w - 2 scrolls of enchant weapon
 x - 8 scrolls of fog
 W - 2 scrolls of summoning
Potions
 c - 4 potions of berserk rage
 d - 2 potions of might
 f - 4 potions of resistance
 m - 9 potions of curing
 s - a potion of brilliance
 v - 4 potions of ambrosia
 N - 2 potions of haste
 T - 2 potions of heal wounds
 Z - 4 potions of agility
Books
 l - a book of Geomancy

   Spells                             Type                      Level
   a - Sandblast                      Earth                        1
   b - Stoneskin                      Transmutation/Earth          2
   c - Passwall                       Transmutation/Earth          3
   d - Stone Arrow                    Conjuration/Earth            3
   e - Petrify                        Transmutation/Earth          4
   f - Lee's Rapid Deconstruction     Earth                        5
 E - a book of Dreams

   Spells                             Type                      Level
   a - Ensorcelled Hibernation        Hexes/Ice                    2
   b - Flight                         Charms/Air                   3
   c - Phase Shift                    Translocation                5
   d - Shadow Creatures               Summoning                    5
   e - Mass Confusion                 Hexes                        6
   f - Darkness                       Hexes                        7
Miscellaneous
 Q - a sack of spiders {used: 6}
Comestibles
 a - 26 meat rations
 j - 2 bread rations
 D - a beef jerky


   Skills:
 - Level 14.0 Fighting
 - Level 10.6 Polearms
 - Level 10.1 Throwing
 - Level 5.0 Armour
 - Level 13.2 Dodging
 + Level 16.9 Unarmed Combat
 - Level 7.0 Evocations


You had 14 spell levels left.
You knew the following spells:

 Your Spells              Type           Power        Failure   Level  Hunger
a - Flight                Chrm/Air       #.........   95%         3    ####...


Dungeon Overview and Level Annotations

Branches:
Dungeon (15/15)            Temple (1/1) D:5            Lair (8/8) D:9
  Swamp (2/5) Lair:4       Spider (5/5) Lair:6        Slime (0/6) Lair:8
    Orc (4/4) D:9             Elf (0/3) Orc:4        Vaults (1/5) D:14
 Depths (0/5) D:15

Altars:
Ashenzari
Cheibriados
Dithmenos
Elyvilon
Kikubaaqudgha
Makhleb
Nemelex Xobeh
Okawaru
Qazlal
Sif Muna
Trog
Vehumet
Xom
Yredelemnul
Zin
The Shining One
Beogh

Shops:
D:4 *   D:5 (   D:6 [   Orc:3 }   Orc:4 %:[=


Innate Abilities, Weirdness & Mutations

You are too large for most types of armour.
You have claws for hands.
Your metabolism is lightning-fast.
You like to eat raw meat.
You heal very quickly.
You are covered in fur (AC +1).
You have very tough skin (AC +2).
You have a pair of small horns on your head.
You are mostly covered in thin metallic scales (AC +3).
You can breathe flames.
Your mind is very acute. (Int +4)
You are resistant to hostile enchantments.
Your system is resistant to poisons.
You are robust (+10% HP).
Your spells are a little harder to cast, but a little more powerful.
You have difficulty communicating with the divine.


Message History

Press: ? - help, Shift-Dir - straight line, f/p - spriggan rider
Aim: a spriggan rider, wielding a spear (lightly wounded)
You throw a large rock.
The large rock closely misses the spriggan rider.
The spriggan rider hits you from afar with a spear!
* * * LOW HITPOINT WARNING * * *
Unknown command.
Unknown command.
The spriggan rider closely misses you. The spriggan rider misses you.
The spriggan rider hits you from afar with a spear.
* * * LOW HITPOINT WARNING * * *
The spriggan rider completely misses you.
You enter the shallow water.
Moving in this stuff is going to be slow.
The spriggan rider hits you but does no damage. x2
The spriggan rider completely misses you. x2
The spriggan rider hits you from afar with a spear!!
You die...
Xom snickers!

♣ ♣≈.≈≈≈♣♣♣≈.≈≈♣♣♣♣ ♣♣..♣..♣ ♣♣
♣.≈≈≈≈♣♣♣♣....§.♣♣♣♣♣ ♣..i≈♣
§♣♣♣..≈≈≈..≈♣≈≈.≈≈≈.♣..♣♣♣♣.≈♣♣♣♣
≈≈≈♣.≈≈≈≈≈..≈.♣≈..≈...≈.♣♣♣♣♣....
≈≈≈..≈≈≈≈≈≈≈≈≈.♣♣......≈.†(.†.≈≈.
.≈≈.≈.≈≈≈≈≈≈≈≈.≈≈≈..♣♣♣♣♣♣≈≈≈≈≈.≈
.....<≈≈≈≈≈≈≈..≈≈ii♣♣ ♣≈≈≈≈≈.≈♣
≈≈≈≈...≈≈≈≈≈≈..§≈≈.♣ ♣.≈≈(....
≈≈≈≈.....≈≈≈≈..§@≈♣♣ ♣.≈≈..♣.≈≈
..≈≈......≈≈≈.≈♣♣♣♣ ♣≈≈≈...≈≈≈
♣≈.≈≈..♣..≈≈≈.♣♣ ≈......≈≈≈
>..........≈.♣♣ ♣♣♣♣....≈≈≈
>.♣..§.≈≈..≈♣♣ ...≈.≈
♣♣♣♣♣♣♣....♣♣ ..≈ ♣ ♣♣...≈♣♣♣
♣♣.≈≈≈.♣ ♣♣≈≈≈≈.♣


You could see 2 spriggan riders.

Vanquished Creatures
  A sphinx (Vaults:1)
  A storm dragon (Vaults:1)
  5 ghost moths
  Maud (Lair:2)
  2 vault wardens (Vaults:1)
  9 emperor scorpions (Spider:5)
  An orc warlord (Orc:4)
  Gastronok (D:12)
  2 ironheart preservers (Vaults:1)
  A minotaur (Lab)
  An ettin (Vaults:1)
  An ice dragon (D:15)
  A yaktaur captain (Vaults:1)
  2 fire dragons
  5 centaur warriors
  8 hydras
  2 dancing weapons (D:14)
  2 ogre magi (Vaults:1)
  8 death yaks (Lair:8)
  3 tengu warriors
  6 orc high priests (Orc:4)
  Urug (D:12)
  Nergalle (Lair:4)
  3 catoblepae (Lair:8)
  A fire crab (Lair:8)
  5 skeletal warriors (D:12)
  A wizard (Vaults:1)
  A death drake (Vaults:1)
  2 unseen horrors
  4 deep trolls (Vaults:1)
  The ghost of hornqvist the Covert, an experienced VSAs of Okawaru (D:9)
  9 hill giants
  3 swamp dragons
  A shambling mangrove (Swamp:2)
  7 orc knights
  34 wolf spiders
  A wolf spider zombie (D:15)
  A necromancer (Vaults:1)
  5 ironbrand convokers (Vaults:1)
  2 griffons
  12 orb spiders
  A sixfirhy (Orc:4)
  A deep elf conjurer (D:15)
  10 orc sorcerers
  9 hornets
  22 ugly things
  A salamander (Spider:4)
  9 elephants
  7 cyclopes
  9 black mambas
  2 manticores (D:13)
  Maurice (Orc:3)
  Joseph (D:8)
  A vault sentinel (Vaults:1)
  A queen ant (Spider:2)
  5 moths of wrath
  A torpor snail (Spider:5)
  2 efreet (D:15)
  2 fire drakes
  6 yaktaurs
  20 spiny frogs
  6 komodo dragons
  20 demonic crawlers
  3 tengu conjurers
  2 human zombies (Vaults:1)
  A troll (D:15)
  16 jumping spiders
  3 two-headed ogres
  A red devil (Orc:4)
  A minotaur zombie (Lab)
  2 freezing wraiths
  A polar bear (Lair:5)
  A giant leech (Swamp:2)
  8 slime creatures
  5 basilisks
  4 bog bodies
  9 ravens
  3 boulder beetles (Vaults:1)
  A shadow (D:15)
  21 redbacks
  A wyvern (D:10)
  8 deep elf magi
  19 tarantellas
  43 yaks
  24 trapdoor spiders
  4 hungry ghosts
  A wraith (D:11)
  3 ynoxinuls (Orc:4)
  5 deep elf fighters (D:15)
  4 mottled dragons
  10 wargs
  14 vampire mosquitoes
  15 swamp worms
  5 hippogriffs
  5 insubstantial wisps (Swamp:1)
  8 wolves
  5 sky beasts
  20 water moccasins
  3 swamp drakes
  6 porcupines
  6 soldier ants
  2 phantoms
  53 orc warriors
  2 orc zombies (Orc:4)
  4 ice beasts
  18 spiders
  2 necrophages
  5 wasps (Spider:5)
  13 centaurs
  20 ogres
  A boring beetle (Lair:8)
  3 eyes of draining
  Sigmund (D:4)
  A brain worm (D:15)
  3 big kobolds
  16 crocodiles
  Blork the orc (D:7)
  11 giant frogs
  3 wights (D:7)
  4 killer bees
  9 scorpions
  4 electric eels
  8 crimson imps
  A goliath beetle (D:6)
  38 orc priests
  13 hounds
  A quasit (D:15)
  2 giant frog zombies (D:12)
  A centaur zombie (D:7)
  A wasp zombie (D:12)
  6 centaur skeletons
  A giant frog skeleton (D:11)
  4 jellies
  7 iguanas
  33 worker ants
  35 orc wizards
  4 sheep
  2 killer bee zombies (D:7)
  Ijyb (D:4)
  2 hound zombies (D:8)
  A hound skeleton (D:8)
  A mummy (D:11)
  56 river rats
  A worker ant zombie (D:6)
  27 adders
  7 gnolls
  2 shadow imps (D:8)
  4 giant mites
  3 worms
  A giant eyeball (shapeshifter) (Swamp:2)
  4 ufetubi (Orc:4)
  5 adder skeletons
  An ooze (D:4)
  306 orcs
  11 bats
  A bat zombie (D:8)
  2 giant cockroaches
  27 goblins
  14 hobgoblins
  13 kobolds
  13 quokkas
  6 giant geckos
  4 giant newts
  A giant spore (D:11)
  13 rats
  2 ballistomycetes (D:11)
  A fungus (Lair:6)
  A plant (Swamp:1)
1450 creatures vanquished.

Vanquished Creatures (collateral kills)
  A vault guard (Vaults:1)
  Nessos (D:12)
  A tengu warrior (D:13)
  Pikel (D:4)
  2 orc knights (Vaults:1)
  An ironbrand convoker (Vaults:1)
  A wolf spider (Spider:5)
  2 cyclopes (Vaults:1)
  3 orb spiders
  An elephant (Lair:6)
  2 yaktaurs (Vaults:1)
  2 jumping spiders (Spider:5)
  A boulder beetle (Vaults:1)
  2 trapdoor spiders (Spider:5)
  4 yaks
  A hippogriff (Lair:6)
  2 swamp worms (Lair:4)
  A slave (D:4)
  2 orc warriors (Vaults:1)
  An ogre (D:4)
  A giant frog (D:11)
  2 killer bees (D:12)
  Crazy Yiuf (D:4)
  An orc priest (Vaults:1)
  3 river rats (Lair:1)
  An adder skeleton (D:4)
  3 orcs (D:12)
  An orc zombie (Orc:4)
  A spectral orc (Lair:4)
46 creatures vanquished.

Vanquished Creatures (others)
  A golden dragon (Vaults:1)
  An unseen horror (Vaults:1)
  An elephant (Lair:6)
  A demonic crawler (Spider:4)
  3 ball lightnings (D:9)
  A blink frog (Lair:8)
  6 trapdoor spiders
  5 spiders
  A yaktaur zombie (Vaults:1)
  2 quasits
  4 crimson imps
  5 iron imps
  An orc wizard (Orc:3)
  An adder (D:11)
  A giant mite (Vaults:1)
  5 shadow imps
  5 white imps
  2 ufetubi
  2 orcs
  5 fungi
  5 plants
58 creatures vanquished.

Grand Total: 1554 creatures vanquished

Notes
Turn   | Place    | Note
--------------------------------------------------------------
     0 | D:1      | Monkaria, the Troll Chaos Knight, began the quest for the Orb.
     0 | D:1      | Reached XP level 1. HP: 22/22 MP: 1/1
   120 | D:1      | XOM: divination: detect creatures
   264 | D:1      | XOM: divination: detect creatures
   434 | D:1      | XOM: polymorph bat -> quokka
   437 | D:1      | Reached XP level 2. HP: 29/29 MP: 1/1
   921 | D:2      | You fall through a shaft for 2 floors!
   921 | D:4      | Found Schiq's General Store.
   921 | D:4      | Noticed Sigmund
   942 | D:4      | Noticed Crazy Yiuf
   948 | D:4      | XOM: swap monsters
   951 | D:4      | Killed Crazy Yiuf
   951 | D:4      | Reached XP level 3. HP: 28/37 MP: 2/2
   956 | D:4      | Reached skill level 4 in Unarmed Combat
   963 | D:4      | Killed Sigmund
   963 | D:4      | Reached skill level 5 in Unarmed Combat
   963 | D:4      | Reached XP level 4. HP: 15/45 MP: 2/2
   999 | D:4      | Found a snail-covered altar of Cheibriados.
  1000 | D:4      | Found a radiant altar of Vehumet.
  1005 | D:4      | Found a white marble altar of Elyvilon.
  1057 | D:4      | Reached XP level 5. HP: 43/53 MP: 2/2
  1061 | D:4      | Noticed Ijyb
  1071 | D:4      | Killed Ijyb
  1102 | D:4      | Noticed an ogre
  1105 | D:4      | Killed an ogre
  1118 | D:4      | Noticed a slave
  1119 | D:4      | Noticed Pikel
  1120 | D:4      | Noticed a slave
  1121 | D:4      | Noticed a slave
  1121 | D:4      | Noticed a slave
  1122 | D:4      | Killed a slave
  1127 | D:4      | Killed Pikel
  1127 | D:4      | Reached skill level 7 in Unarmed Combat
  1127 | D:4      | Reached XP level 6. HP: 52/61 MP: 3/3
  1222 | D:4      | XOM: 2-stop teleportation journey
  1281 | D:4      | Reached XP level 7. HP: 59/67 MP: 3/3
  1397 | D:4      | Upgraded the game from 0.16-a0-4113-g7d8e295 to 0.16-a0-4123-g49b462e
  1546 | D:4      | Reached skill level 8 in Unarmed Combat
  1677 | D:4      | XOM: give mutations
  1677 | D:4      | Gained mutation: Your system is resistant to poisons. [Xom's mischief]
  1677 | D:4      | Gained mutation: Scrolls take you a little longer to read. [Xom's mischief]
  1731 | D:5      | Entered Level 5 of the Dungeon
  1735 | D:5      | Found a burning altar of Makhleb.
  1760 | D:5      | Found Fegam's Weapon Boutique.
  1811 | D:5      | XOM: chaos cloud
  1863 | D:5      | Reached skill level 9 in Unarmed Combat
  1869 | D:5      | Gained mutation: You are robust (+10% HP). [mutagenic meat]
  1870 | D:5      | Gained mutation: Your magical capacity is low (-10% MP). [mutagenic meat]
  1904 | D:5      | XOM: god gift: shortbow {god gift}
  1976 | D:5      | XOM: swap monsters
  1983 | D:5      | XOM: colour smoke trail
  1986 | D:5      | Reached XP level 8. HP: 80/82 MP: 2/2
  1990 | D:5      | Lost mutation: Your magical capacity is low (-10% MP). [mutagenic meat]
  1991 | D:5      | Gained mutation: You have difficulty communicating with the divine. [mutagenic meat]
  2079 | D:5      | Found a staircase to the Ecumenical Temple.
  2095 | Temple   | Entered the Ecumenical Temple
  2358 | D:5      | XOM: harmless Air miscast
  2558 | D:5      | Reached skill level 10 in Unarmed Combat
  2770 | D:6      | XOM: god gift: pair of glowing boots {god gift}
  2776 | D:6      | XOM: colour smoke trail
  2888 | D:6      | XOM: smoke on damage
  2895 | D:6      | Found a bloodstained altar of Trog.
  2925 | D:6      | Found Dejucaf's Antique Armour Shoppe.
  2959 | D:6      | XOM: noise
  3206 | D:6      | XOM: confuse monster(s)
  3232 | D:6      | Reached skill level 5 in Fighting
  3233 | D:6      | XOM: swap monsters
  3283 | D:6      | Gained mutation: You expend magic power (3 MP) to slightly strengthen your wands. [mutagenic meat]
  3284 | D:6      | Gained mutation: Your spells are a little harder to cast, but a little more powerful. [mutagenic meat]
  3647 | D:7      | Reached XP level 9. HP: 81/100 MP: 4/4
  3816 | D:7      | Noticed Blork the orc
  3817 | D:7      | XOM: cast spell 'Beastly Appendage'
  3823 | D:7      | Killed Blork the orc
  4507 | D:8      | Noticed Joseph
  4522 | D:8      | XOM: summons friendly iron imp
  4524 | D:8      | Killed Joseph
  4616 | D:8      | XOM: give mutations
  4616 | D:8      | Gained mutation: You have a pair of small horns on your head. [Xom's grace]
  4616 | D:8      | Gained mutation: You are partially covered in rough black scales (AC +4, Dex -1). [Xom's grace]
  4616 | D:8      | Gained mutation: You are mostly covered in rough black scales (AC +7, Dex -2). [Xom's grace]
  5129 | D:8      | XOM: scenery: 3 doors close
  5212 | D:9      | Found a staircase to the Orcish Mines.
  5363 | D:9      | Noticed hornqvist's ghost (experienced VSAs)
  5392 | D:9      | XOM: fog
  5400 | D:9      | Killed hornqvist's ghost
  5400 | D:9      | Reached XP level 10. HP: 82/117 MP: 4/4
  5415 | D:9      | Found a staircase to the Lair.
  5435 | D:9      | Reached skill level 1 in Dodging
  5438 | D:9      | Noticed a fire drake
  5452 | D:9      | Killed a fire drake
  5608 | D:9      | Identified Xifoaden's Almanac of Companions and the Rocks
  5999 | Lair:1   | Entered Level 1 of the Lair of Beasts
  6169 | Lair:1   | Noticed a black mamba
  6172 | Lair:1   | XOM: summons 4 friendly demons
  6181 | Lair:1   | Killed a black mamba
  6303 | Lair:1   | XOM: vitrification
  6407 | Lair:1   | Found a glowing golden altar of the Shining One.
  6468 | Lair:1   | Reached skill level 5 in Dodging
  6717 | Lair:1   | XOM: potion effect (invisibility)
  7089 | Lair:2   | Noticed a black mamba
  7089 | Lair:2   | XOM: mild Air miscast
  7103 | Lair:2   | Killed a black mamba
  7372 | Lair:2   | XOM is BORED!
  7372 | Lair:2   | XOM: noise
  7598 | Lair:2   | Reached XP level 11. HP: 108/126 MP: 4/4
  7847 | Lair:3   | XOM: noise
  7955 | Lair:3   | Noticed Maud
  7993 | Lair:2   | XOM: confuse monster(s)
  8000 | Lair:2   | XOM: enchant monster (good)
  8011 | Lair:2   | XOM: summons 7 friendly demons
  8024 | Lair:2   | XOM: divination: detect creatures
  8286 | Lair:2   | XOM: potion effect (brilliance)
  8304 | Lair:2   | Killed Maud
  8379 | Lair:3   | XOM: divination: detect items
  8557 | Lair:3   | Noticed a five-headed hydra
  8573 | Lair:3   | Killed a five-headed hydra
  8614 | Lair:3   | XOM: confusion (+ monsters)
  9439 | Lair:4   | XOM is BORED!
  9439 | Lair:4   | XOM: medium Ice miscast
  9499 | Lair:4   | XOM: confuse monster(s)
  9754 | Lair:4   | Noticed Nergalle
  9783 | Lair:4   | XOM: summons friendly quasit
  9789 | Lair:4   | XOM: summons 3 friendly demons
  9792 | Lair:4   | Killed Nergalle
  9792 | Lair:4   | Reached skill level 10 in Dodging
  9859 | Lair:4   | Found a staircase to the Swamp.
  9948 | Lair:4   | XOM: cast spell 'Spider Form'
 10007 | Lair:4   | XOM: silly message
 10217 | Lair:4   | XOM: confuse monster(s)
 10221 | Lair:4   | XOM: enchant monster (good)
 10361 | Lair:4   | XOM: enchant monster (bad)
 10450 | Lair:4   | XOM: divination: detect creatures
 10815 | Lair:5   | Reached skill level 11 in Dodging
 10898 | Lair:5   | XOM: harmless Conj miscast
 10907 | Lair:5   | Reached XP level 12. HP: 101/135 MP: 5/5
 11315 | Lair:5   | Noticed a five-headed hydra
 11330 | Lair:5   | Killed a five-headed hydra
 11899 | Lair:6   | XOM: medium Chrm miscast
 11946 | Lair:6   | Noticed a seven-headed hydra
 11953 | Lair:6   | XOM: divination: detect creatures
 11961 | Lair:6   | Killed a seven-headed hydra
 12094 | Lair:6   | Got a heavily runed chain mail
 12108 | Lair:6   | XOM: medium Chrm miscast
 12141 | Lair:6   | Found a hole to the Spider Nest.
 12216 | Lair:6   | XOM: enchant monster (good)
 12260 | Lair:6   | Reached skill level 12 in Unarmed Combat
 12260 | Lair:6   | XOM: divine lightning (protected)
 12261 | Lair:6   | XOM: summons 9 friendly demons
 12585 | Lair:6   | XOM: enchant monster (good)
 12592 | Lair:6   | XOM: fog
 12704 | Lair:6   | XOM: vitrification
 12723 | Lair:6   | XOM: summons 3 friendly demons
 12730 | Lair:6   | Reached skill level 13 in Unarmed Combat
 12965 | Lair:7   | XOM: enchant monster (bad)
 12976 | Lair:7   | XOM: silly message
 12985 | Lair:7   | XOM: summons 12 friendly demons
 13078 | Lair:7   | XOM is BORED!
 13078 | Lair:7   | XOM: mild Conj miscast
 13266 | Lair:7   | Noticed a four-headed hydra
 13277 | Lair:7   | Killed a four-headed hydra
 13393 | Lair:7   | Reached skill level 14 in Unarmed Combat
 13393 | Lair:7   | Reached XP level 13. HP: 125/144 MP: 5/5
 13789 | Lair:7   | XOM: potion effect (haste)
 14169 | Orc:1    | Entered Level 1 of the Orcish Mines
 14235 | Orc:1    | XOM: potion effect (brilliance)
 14490 | Orc:1    | XOM: harmless Summ miscast
 14795 | Orc:2    | XOM: silly message
 15056 | Orc:3    | Noticed Maurice
 15064 | Orc:3    | XOM: silly message
 15067 | Orc:3    | Killed Maurice
 15128 | Orc:3    | Found Sitalit's Quality Used Wands.
 15405 | Orc:3    | Found a roughly hewn altar of Beogh.
 15410 | Orc:3    | Reached skill level 15 in Unarmed Combat
 16192 | Orc:4    | Entered Level 4 of the Orcish Mines
 16273 | Orc:4    | Reached skill level 1 in Evocations
 16602 | Orc:4    | Got an ichor-stained falchion
 16830 | Orc:4    | Got an ancient scimitar
 16864 | Orc:4    | XOM: silly message
 16886 | Orc:4    | Found a staircase to the Elven Halls.
 16983 | Orc:4    | XOM: divination: detect creatures
 17065 | Orc:4    | Noticed an orc warlord
 17274 | Orc:4    | XOM: potion effect (invisibility)
 17284 | Orc:4    | XOM: potion effect (magic)
 17294 | Orc:4    | XOM: potion effect (invisibility)
 17303 | Orc:4    | Killed an orc warlord
 17303 | Orc:4    | Reached skill level 5 in Evocations
 17318 | Orc:4    | Found a roughly hewn altar of Beogh.
 17639 | Orc:4    | XOM: cast spell 'Dispersal'
 17648 | Orc:4    | XOM: harmless Conj miscast
 17959 | Orc:4    | Found a roughly hewn altar of Beogh.
 17962 | Orc:4    | Found Saum's Food Emporium.
 17990 | Orc:4    | Found Onacs' Book Shoppe.
 18159 | Orc:3    | XOM: divination: detect creatures
 18305 | Orc:4    | Reached XP level 14. HP: 127/154 MP: 20/20
 18552 | Orc:4    | Reached skill level 5 in Armour
 18630 | Orc:4    | XOM: harmless Necr miscast
 18631 | Orc:4    | XOM: potion effect (invisibility)
 18651 | Orc:4    | XOM: potion effect (might)
 18752 | Orc:4    | Found Omal's Jewellery Shoppe.
 18786 | Orc:4    | XOM: harmless Summ miscast
 18790 | Orc:4    | Found Psos' Armour Emporium.
 18876 | Orc:4    | XOM: potion effect (berserk rage)
 18884 | Orc:4    | XOM: silly message
 18924 | Orc:4    | XOM: noise
 18979 | Orc:4    | XOM: mild Pois miscast
 19224 | Lair:1   | Identified the +10 falchion of the Gnat {slice, rElec MP+9} (You found it on level 4 of the Orcish Mines)
 19225 | Lair:1   | Identified the +0 scimitar "Zuteh" {holy, Contam +Fly Str+4 Int+3} (You found it on level 4 of the Orcish Mines)
 19411 | D:6      | Bought the -2 hat of the Alchemist {rElec rPois rF+ rC+ rN+ MR+ rMut rCorr} for 755 gold pieces
 19812 | Lair:8   | Entered Level 8 of the Lair of Beasts
 19893 | Lair:8   | XOM is BORED!
 19893 | Lair:8   | XOM: mild Hex miscast
 20059 | Lair:8   | Found a labyrinth entrance.
 20059 | Lair:8   | XOM: 1-stop teleportation journey
 20091 | Lab      | Entered a labyrinth
 20321 | Lab      | Got a translucent mace
 20419 | Lair:8   | XOM: noise
 20475 | Lair:8   | XOM: 1-stop teleportation journey
 20530 | Lair:8   | Found a staircase to the Slime Pits.
 20711 | Lair:8   | XOM: harmless Necr miscast
 20942 | Lair:8   | XOM: swap monsters
 20952 | Lair:8   | HP: 2/154 [death yak (9)]
 21177 | Lair:8   | XOM: noise
 21217 | Lair:8   | XOM: blink monster(s)
 21451 | Lair:8   | XOM: mild Air miscast
 21460 | Lair:8   | XOM: cast spell 'Beastly Appendage'
 21473 | Lair:8   | XOM: silly message
 21532 | Lair:8   | XOM: potion effect (haste)
 21533 | Lair:8   | XOM: potion effect (berserk rage)
 21644 | Lair:8   | XOM: potion effect (curing)
 22166 | Lair:1   | Identified the +6 mace of Wrongful Imprisonment {crush, Dex+4} (You found it in a labyrinth)
 22184 | Lair:1   | Learned a level 3 spell: Flight
 22258 | Lair:3   | XOM: divination: detect creatures
 22350 | Spider:1 | Entered Level 1 of the Spider Nest
 22414 | Spider:1 | XOM: smoke on damage
 22614 | Spider:1 | XOM: stat loss: -1 Int (7/8)
 22676 | Spider:1 | Reached skill level 1 in Throwing
 23284 | Spider:1 | Identified a scroll of acquirement
 23395 | Spider:1 | XOM: silly message
 23867 | D:9      | XOM: give mutations
 23867 | D:9      | Lost mutation: Your spells are a little harder to cast, but a little more powerful. [Xom's mischief]
 23867 | D:9      | Gained mutation: You are dopey. (Int -2) [Xom's mischief]
 23867 | D:9      | Gained mutation: Your muscles are strong. (Str +2) [Xom's mischief]
 23988 | Orc:4    | XOM: god gift: 24 stones
 24072 | D:9      | XOM: cast spell 'Conjure Ball Lightning'
 24611 | Spider:2 | Reached skill level 1 in Polearms
 24706 | Spider:2 | Reached XP level 15. HP: 138/160 MP: 21/21
 25017 | Spider:2 | XOM: enchant monster (good)
 25024 | Spider:2 | Reached skill level 5 in Polearms
 25102 | Spider:2 | XOM: divination: detect creatures
 25116 | Spider:2 | Noticed a ghost moth
 25118 | Spider:2 | XOM: silly message
 25127 | Spider:2 | Killed a ghost moth
 25300 | Spider:2 | XOM: chaos cloud
 25305 | Spider:2 | XOM: confusion
 25312 | Spider:2 | Paralysed by you for 6 turns
 25326 | Spider:2 | XOM: 1-stop teleportation journey
 25483 | Spider:2 | XOM: harmless Conj miscast
 26110 | Spider:3 | XOM: severe Conj miscast
 26168 | Spider:3 | XOM: chaos cloud
 26169 | Spider:3 | XOM: polymorph jumping spider -> elephant
 26361 | Spider:3 | XOM: harmless Divn miscast
 26363 | Spider:3 | XOM: mild Trmt miscast
 26953 | Spider:4 | Reached skill level 10 in Polearms
 27146 | Spider:4 | XOM: destruction
 27153 | Spider:4 | XOM: polymorph orb spider -> salamander
 27157 | Spider:4 | XOM: potion effect (heal wounds)
 27164 | Spider:4 | XOM: summons 5 friendly demons
 27276 | Spider:4 | XOM: harmless Divn miscast
 27488 | Spider:4 | Reached skill level 5 in Throwing
 27582 | Spider:4 | XOM: divination: detect creatures
 27771 | Spider:5 | Entered Level 5 of the Spider Nest
 28073 | Spider:5 | XOM: mild Summ miscast
 28488 | Spider:5 | XOM: potion effect (berserk rage)
 28698 | Spider:5 | XOM: divination: detect items
 28724 | Spider:5 | XOM: 1-stop teleportation journey
 28746 | Spider:5 | XOM: confuse monster(s)
 28759 | Spider:5 | HP: 8/160 [wolf spider (6)]
 28769 | Spider:5 | HP: 7/160 [wolf spider (18)]
 28939 | Spider:5 | Reached XP level 16. HP: 149/171 MP: 21/21
 29207 | Spider:5 | XOM: confuse monster(s)
 29554 | Spider:5 | XOM: potion effect (heal wounds)
 29571 | Spider:5 | XOM: smoke on damage
 29822 | Spider:5 | Reached skill level 10 in Throwing
 29927 | Spider:5 | Got a gossamer rune of Zot
 29972 | Spider:5 | XOM: confuse monster(s)
 30213 | Spider:5 | XOM: enchant monster (good)
 30286 | Spider:5 | XOM: swap monsters
 30411 | Spider:5 | Lost mutation: You are dopey. (Int -2) [mutagenic meat]
 30412 | Spider:5 | Gained mutation: You occasionally shout uncontrollably at your foes. [mutagenic meat]
 30464 | Spider:4 | XOM: god gift: war axe {god gift}
 30614 | Lair:4   | XOM: harmless Pois miscast
 30647 | Lair:3   | XOM: give mutation
 30647 | Lair:3   | Gained mutation: Your mind is acute. (Int +2) [Xom's grace]
 30776 | D:10     | Entered Level 10 of the Dungeon
 31644 | D:11     | XOM: summons 7 friendly demons
 31813 | D:11     | Reached skill level 16 in Unarmed Combat
 31962 | D:11     | XOM: divination: detect creatures
 32104 | D:12     | XOM: divination: detect items
 32119 | D:12     | Noticed Nessos
 32154 | D:12     | Killed Nessos
 32256 | D:12     | XOM: summons friendly shadow imp
 32256 | D:12     | XOM: smoke on damage
 32266 | D:12     | XOM: summons 2 friendly demons
 32303 | D:12     | XOM: enchant monster (good)
 32568 | D:12     | Reached skill level 10 in Fighting
 32579 | D:12     | Lost mutation: You have a pair of small horns on your head. [mutagenic meat]
 32833 | D:12     | Noticed Gastronok
 32853 | D:12     | Killed Gastronok
 32923 | D:12     | Found a basalt altar of Yredelemnul.
 32957 | D:12     | Noticed Urug
 32964 | D:12     | Killed Urug
 33326 | D:13     | XOM is BORED!
 33326 | D:13     | XOM: medium Air miscast
 33414 | D:13     | XOM: enchant monster (good)
 33613 | D:13     | XOM: vitrification
 33667 | D:13     | XOM: vitrification
 33771 | D:13     | XOM: 3-stop teleportation journey
 33816 | D:13     | XOM: give mutations
 33816 | D:13     | Gained mutation: Your muscles are very strong. (Str +4) [Xom's grace]
 33816 | D:13     | Gained mutation: Your spells are a little harder to cast, but a little more powerful. [Xom's grace]
 33820 | D:13     | XOM: confuse monster(s)
 34189 | D:13     | XOM: vitrification
 34232 | D:13     | XOM: give mutations
 34232 | D:13     | Gained mutation: You are partially covered in thin metallic scales (AC +2). [Xom's grace]
 34232 | D:13     | Gained mutation: Your mind is very acute. (Int +4) [Xom's grace]
 34232 | D:13     | Gained mutation: You are agile. (Dex +2) [Xom's grace]
 34271 | D:13     | XOM: vitrification
 34504 | D:14     | Got an ancient flail
 34506 | D:14     | Identified the +4 flail of Havoc {flame, rC+ Dex+2} (You found it on level 14 of the Dungeon)
 34561 | D:14     | Got a blackened dagger
 34570 | D:14     | Found a gate to the Vaults.
 34656 | Vaults:1 | Entered Level 1 of the Vaults
 34766 | D:14     | XOM: 3-stop teleportation journey
 34949 | D:14     | XOM is BORED!
 34949 | D:14     | XOM: medium Erth miscast
 35078 | D:14     | Reached XP level 17. HP: 181/187 MP: 22/22
 35161 | D:14     | XOM: cast spell 'Summon Hydra'
 35253 | D:11     | XOM: cast spell 'Dragon Form'
 35344 | Lair:1   | Identified the +3 dagger of Vaolas {holy, -Tele +Rage Str-4 Int+10 SInv} (You found it on level 14 of the Dungeon)
 35394 | D:10     | XOM: divination: detect creatures
 35566 | Vaults:1 | XOM: harmless Ice miscast
 35892 | Vaults:1 | XOM: potion effect (haste)
 35895 | Vaults:1 | XOM: potion effect (haste)
 35900 | Vaults:1 | XOM: silly message
 35911 | Vaults:1 | XOM: smoke on damage
 35925 | Vaults:1 | XOM: potion effect (invisibility)
 36048 | Vaults:1 | XOM: give mutations
 36048 | Vaults:1 | Lost mutation: You expend magic power (3 MP) to slightly strengthen your wands. [Xom's mischief]
 36048 | Vaults:1 | Lost mutation: You occasionally shout uncontrollably at your foes. [Xom's mischief]
 36048 | Vaults:1 | Lost mutation: Your muscles are very strong. (Str +4) [Xom's mischief]
 36055 | Vaults:1 | XOM: harmless Trmt miscast
 36192 | Vaults:1 | XOM: swap monsters
 36464 | Vaults:1 | XOM: divination: magic mapping
 36743 | Vaults:1 | XOM: cast spell 'Summon Dragon'
 36764 | Vaults:1 | Lost mutation: You are robust (+10% HP). [mutagenic meat]
 36765 | Vaults:1 | Lost mutation: Scrolls take you a little longer to read. [mutagenic meat]
 36766 | Vaults:1 | Lost mutation: Your muscles are strong. (Str +2) [mutagenic meat]
 36767 | Vaults:1 | Lost mutation: You are mostly covered in rough black scales (AC +7, Dex -2). [mutagenic meat]
 36931 | Vaults:1 | XOM: fake destruction
 36943 | Vaults:1 | Paralysed by a sphinx for 3 turns
 37200 | Vaults:1 | Got an ichor-stained short sword
 37344 | Vaults:1 | XOM: god gift: 10 royal jellies
 37351 | Vaults:1 | XOM: polymorph deep troll -> death drake
 37363 | Vaults:1 | XOM: divine lightning
 37402 | Vaults:1 | Lost mutation: You are partially covered in rough black scales (AC +4, Dex -1). [mutagenic meat]
 37515 | Vaults:1 | XOM: god gift: ivory ring {god gift}
 37543 | Vaults:1 | XOM: swap monsters
 37564 | Vaults:1 | Gained mutation: You are robust (+10% HP). [mutagenic meat]
 37738 | Vaults:1 | XOM: potion effect (invisibility)
 37783 | D:15     | Entered Level 15 of the Dungeon
 37859 | D:15     | XOM: torment (78/196 hp)
 37861 | D:15     | XOM: summons friendly crimson imp
 37899 | D:14     | Lost mutation: You are robust (+10% HP). [mutagenic meat]
 37899 | D:14     | XOM: colour smoke trail
 38257 | D:15     | Found a shadowy altar of Dithmenos.
 38324 | D:15     | Gained mutation: You are mostly covered in thin metallic scales (AC +3). [mutagenic meat]
 38325 | D:15     | Lost mutation: You are agile. (Dex +2) [mutagenic meat]
 38326 | D:15     | Gained mutation: You are robust (+10% HP). [mutagenic meat]
 38328 | D:15     | Gained mutation: You have a pair of small horns on your head. [mutagenic meat]
 38329 | D:15     | Gained mutation: You can breathe flames. [mutagenic meat]
 38331 | D:15     | Gained mutation: You are resistant to hostile enchantments. [mutagenic meat]
 38635 | D:15     | Found a staircase to the Depths.
 38658 | D:15     | Identified the +6 short sword of Exquisite Death {speed, +Inv +Fly rC+ Str-5} (You found it on level 1 of the Vaults)
 38971 | D:15     | XOM: god gift: flail {god gift}
 39576 | D:10     | XOM: vitrification
 39750 | Swamp:1  | Entered Level 1 of the Swamp
 39761 | Swamp:1  | XOM: noise
 40163 | Swamp:1  | XOM: destruction
 40711 | Swamp:2  | Reached XP level 18. HP: 181/207 MP: 23/23
 40851 | Swamp:2  | XOM: swap monsters
 40858 | Swamp:2  | XOM: polymorph wasp -> giant eyeball
 40860 | Swamp:2  | Paralysed by a giant eyeball for 2 turns
 40873 | Swamp:2  | XOM: potion effect (agility)
 40884 | Swamp:2  | Slain by a spriggan rider

Action                   |  1- 3 |  4- 6 |  7- 9 | 10-12 | 13-15 | 16-18 || total
-------------------------+-------+-------+-------+-------+-------+-------++-------
Melee: Unarmed           |    77 |    44 |   416 |   704 |  1975 |  1498 ||  4714
       Great mace        |       |       |       |   131 |     6 |       ||   137
       Battleaxe         |       |       |       |       |     7 |       ||     7
       Trident           |       |       |       |       |       |     3 ||     3
 Fire: Blowgun           |       |       |       |    14 |     4 |       ||    18
Throw: Large rock        |       |       |       |       |    43 |    26 ||    69
       Tomahawk          |       |       |       |       |     4 |       ||     4
Evoke: Wand              |       |       |       |     3 |     9 |     9 ||    21
       Sack of spiders   |       |       |       |       |     2 |     6 ||     8
  Use: Scroll            |     1 |       |     5 |    28 |    16 |    10 ||    60
       Potion            |       |       |       |     2 |    11 |     4 ||    17
 Stab: Sleeping          |       |       |     1 |     1 |       |       ||     2
       Invisible         |       |       |       |     4 |     7 |     8 ||    19
       Paralysed         |       |       |       |     4 |     2 |     4 ||    10
       Confused          |       |       |       |     1 |       |     4 ||     5
       Petrified         |       |       |       |     2 |     2 |       ||     4
       Distracted        |       |       |       |     1 |     1 |       ||     2
       Petrifying        |       |       |       |     1 |     1 |       ||     2
       Fleeing           |       |       |       |       |       |     1 ||     1
  Eat: Chunk             |     5 |     7 |    49 |    71 |   150 |   133 ||   415
       Pizza             |       |       |       |     1 |       |       ||     1
       Beef jerky        |       |       |       |     1 |       |       ||     1
       Royal jelly       |       |       |       |       |       |     1 ||     1
